 Dungeon Crawl Stone Soup version 0.19-a0-1111-gcceb26a (webtiles) character file.

242209 Leszczynek the Bludgeoner (level 19, 0/208 (211) HPs)
             Began as an Ogre Earth Elementalist on Aug 10, 2016.
             Was the Champion of Makhleb.
             Shot with a bolt by a yaktaur (21 damage)
             ... on level 1 of the Vaults on Aug 11, 2016.
             The game lasted 03:36:58 (26047 turns).

Leszczynek the Bludgeoner (OgEE)                   Turns: 26047, Time: 03:36:58

HP:   0/208 (211)   AC: 11    Str: 19    XL:     19   Next: 38%
MP:   32/32         EV: 17    Int: 15    God:    Makhleb [******]
Gold: 2430          SH:  0    Dex: 16    Spells: 6 memorised, 17 levels left

rFire  . . .     SeeInvis +     a - +3 giant club (drain)
rCold  + . .     Gourm    .     I - +2 troll leather armour
rNeg   . . .     Faith    .     (shield currently unavailable)
rPois  .         Spirit   .     Y - +0 mask of the Dragon {MR+ Slay+3 SInv}
rElec  .         Dismiss  .     D - +2 cloak
rCorr  .         Reflect  .     (gloves unavailable)
SustAt .         Harm     .     (boots unavailable)
MR     +++..                    j - amulet of regeneration
Stlth  ++........               H - ring of protection from cold
                                Z - ring of protection from magic

@: very slightly contaminated, regenerating (expiring)
A: unfitting armour, thin skeletal structure 1, tough skin 1
a: Minor Destruction, Lesser Servant of Makhleb, Major Destruction, Greater
Servant of Makhleb, Renounce Religion
}: 2/15 runes: decaying, serpentine


You were on level 1 of the Vaults.
You worshipped Makhleb.
Makhleb was exalted by your worship.
You were very full.

You visited 8 branches of the dungeon, and saw 36 of its levels.
You visited 1 bazaar.
You also visited: Labyrinth.

You collected 3867 gold pieces.
You spent 1437 gold pieces at shops.

Inventory:

Hand Weapons
 a - a +3 giant club of draining (weapon)
 b - a +7 blowgun
 M - a +6 giant club
Missiles
 f - 22 large rocks (quivered)
 r - 25 tomahawks
 x - 11 curare-tipped needles
 G - 6 throwing nets
Armour
 D - a +2 cloak (worn)
 I - a +2 troll leather armour (worn)
 Y - the +0 mask of the Dragon (worn) {MR+ Slay+3 SInv}
   (You found it on level 3 of the Elven Halls)

   It affects your accuracy and damage with ranged weapons and melee attacks
   (+3).
   It affects your resistance to hostile enchantments.
   It lets you see invisible.
Jewellery
 d - an uncursed ring of protection from fire
 e - an uncursed ring of ice
 h - an uncursed ring of fire
 j - an amulet of regeneration (around neck)
 C - an uncursed ring of poison resistance
 H - a ring of protection from cold (right hand)
 Z - a ring of protection from magic (left hand)
Wands
 l - a wand of digging (14/24)
 p - a wand of acid (4/15)
 u - a wand of paralysis (5/24)
 K - a wand of teleportation (5/9)
 P - a wand of paralysis (12/24)
 R - a wand of heal wounds (3/9)
 W - a wand of disintegration (15/24)
 X - a wand of hasting (3/9)
Scrolls
 o - 4 scrolls of blinking
 s - 5 scrolls of recharging
 y - 11 scrolls of remove curse
 F - 5 scrolls of teleportation
 U - a scroll of fog
 V - a scroll of fear
Potions
 g - a potion of invisibility
 i - 2 potions of haste
 k - 2 potions of flight
 n - 7 potions of heal wounds
 z - 2 potions of might
 A - 7 potions of curing
 J - 4 potions of agility
 N - 2 potions of brilliance
 O - 2 potions of cure mutation
 Q - 3 potions of cancellation
 T - a potion of magic
Books
 L - a book of Enchantments

   Spells                             Type                      Level
   a - Cause Fear                     Hexes                        4
   b - Yara's Violent Unravelling     Hexes/Transmutation          5
   c - Silence                        Hexes/Air                    5
   d - Deflect Missiles               Charms/Air                   6
   e - Haste                          Charms                       6
   f - Discord                        Hexes                        8
Miscellaneous
 t - a box of beasts
 v - a sack of spiders
 B - a phantom mirror
 S - a fan of gales
Comestibles
 c - 15 bread rations
 m - 5 beef jerkies
 q - 9 meat rations
 w - 15 fruits
 E - 12 chunks of flesh


   Skills:
 - Level 18.0 Fighting
 - Level 19.0 Maces & Flails
 - Level 12.8 Throwing
 - Level 6.0 Armour
 - Level 10.8 Dodging
 - Level 1.5 Stealth
 + Level 9.3 Spellcasting
 + Level 10.8 Charms
 - Level 4.1 Necromancy
 * Level 1.2 Transmutations
 * Level 2.6 Earth Magic
 - Level 8.2 Invocations
 - Level 7.3 Evocations


You had 17 spell levels left.
You knew the following spells:

 Your Spells              Type           Power        Failure   Level  Hunger
a - Summon Butterflies    Summ           #.......     14%         1    None
b - Passwall              Tmut/Erth      ##........   10%         2    None
c - Summon Mana Viper     Hex/Summ       #.......     100%        5    #####..
d - Haste                 Chrm           #####...     24%         6    ######.
q - Regeneration          Chrm/Necr      ####......   1%          3    #......
D - Song of Slaying       Chrm           #####...     1%          2    None


Dungeon Overview and Level Annotations

Branches:
Dungeon (15/15)            Temple (1/1) D:4            Lair (6/6) D:11
  Swamp (4/4) Lair:2        Snake (4/4) Lair:2        Slime (0/5) Lair:6
    Orc (2/2) D:9             Elf (3/3) Orc:2        Vaults (1/5) D:14
 Depths: D:15

Altars:
Ashenzari
Cheibriados
Dithmenos
Elyvilon
Fedhas
Gozag
Hepliaklqana
Kikubaaqudgha
Makhleb
Nemelex Xobeh
Okawaru
Pakellas
Qazlal
Ru
Trog
Vehumet
Xom
The Shining One
Beogh

Shops:
D:6 (   D:8 }   D:9 (   D:11 (?   Orc:2 [:(*   Elf:3 ?

Annotations:
D:6 Pikel
D:7 Joseph
Lair:3 exclusion: upstairs
Lair:6 exclusion: oklob plant
Swamp:1 exclusion: 2 spriggan riders
Swamp:2 exclusion: thorn hunter
Elf:1 exclusion: dancing weapon
Elf:3 Asterion


Innate Abilities, Weirdness & Mutations

You are too large for most types of armour.
You have tough skin. (AC +1)
You have a somewhat thin skeletal structure. (Dex +2, Stealth)


Message History

The yaktaur burns!
The deep elf knight unwields an uncursed scimitar.
The deep elf knight wields an uncursed shortbow.
The deep elf knight shoots an arrow.
The arrow barely misses you.
The arrow dissolves into shadows!
The yaktaur burns!
The yaktaur stops burning.
The ironbrand convoker begins to recite a word of recall!
Your skin is crawling a little less now.
A bolt appears from out of your range of vision.
The deep elf knight shoots an arrow.
The arrow hits you!
* * * LOW HITPOINT WARNING * * *
The arrow dissolves into shadows!
The deep elf knight shoots an arrow.
The arrow hits you.
* * * LOW HITPOINT WARNING * * *
The arrow dissolves into shadows!
Things that are here:
an uncursed arbalest; 18 bolts The yaktaur is recalled.
The yaktaur wields an arbalest.
The yaktaur shoots a bolt.
The bolt hits you!!
You die...

...# #..### ..#
#..'.# #..#'##
####..+
#.'..####
#+##'#((+
#.'(.# ###).#
#####@#########
#...)).........
#..............
#..............
#..............
#.......#####+#
#.....c.#
#.......# ##
#...e.3.#


You could see a yaktaur.

Vanquished Creatures
  Nikola (Elf:1)
  A bone dragon (Swamp:4)
  2 deep elf master archers (Elf:3)
  2 deep elf blademasters (Elf:3)
  Kirke (Swamp:4)
  7 greater nagas (Snake:4)
  Aizul (Snake:4)
  3 deep elf sorcerers (Elf:3)
  A vault warden (Vaults:1)
  5 deep elf elementalists (Elf:3)
  An orc warlord (Orc:2)
  2 very ugly things (Swamp:3)
  4 deep elf demonologists (Elf:3)
  3 deep elf annihilators (Elf:3)
  6 deep elf death magi (Elf:3)
  A fire dragon (Lair:6)
  A minotaur (Lab)
  3 deep elf high priests (Elf:3)
  Josephine (Lair:6)
  A yaktaur captain (Vaults:1)
  A ghost crab (Swamp:4)
  5 hydras
  11 naga warriors
  3 centaur warriors
  13 dancing weapons
  13 anacondas
  8 death yaks
  2 tengu warriors (D:15)
  6 alligators
  4 orc high priests (Orc:2)
  7 naga sharpshooters
  6 shock serpents
  6 deep elf knights
  Sonja (Lair:1)
  3 salamander mystics
  3 unseen horrors
  2 swamp dragons
  A wizard (Vaults:1)
  4 spectral hydras (Swamp:4)
  5 deep elf archers
  5 shambling mangroves
  25 deep elf magi
  An orb spider (shapeshifter) (D:14)
  2 phantasmal warriors (Swamp:4)
  7 hill giants
  Pikel (D:6)
  6 naga ritualists
  A necromancer (Vaults:1)
  6 cyclopes
  14 ugly things
  2 orc sorcerers (Orc:2)
  A hornet (Swamp:1)
  11 mana vipers
  6 orc knights
  9 salamanders
  An oklob plant (Snake:1)
  6 elephants (Lair:5)
  2 torpor snails
  2 centaur zombies (D:11)
  3 vault sentinels (Vaults:1)
  32 black mambas
  13 naga magi
  3 guardian serpents
  10 spiny frogs
  6 komodo dragons
  A freezing wraith (D:15)
  2 swamp worm zombies (Swamp:4)
  2 rime drakes
  5 yaktaurs (Vaults:1)
  A tengu conjurer (D:15)
  3 hydra zombies (Swamp:4)
  8 trolls
  2 human skeletons (Vaults:1)
  6 giant leeches
  A wind drake (shapeshifter) (D:14)
  A polar bear (Lair:3)
  2 boulder beetles (Lair:3)
  22 slime creatures
  4 alligator zombies (Swamp:4)
  4 two-headed ogres
  13 bog bodies
  16 blink frogs
  A vampire (D:12)
  3 spriggans
  5 air elementals
  A spriggan (shapeshifter) (Vaults:1)
  A shadow (D:14)
  3 water elementals
  An ettin skeleton (Vaults:1)
  44 yaks
  7 wraiths
  A basilisk (Lair:6)
  Grum (D:8)
  8 hippogriffs
  A basilisk (shapeshifter) (D:14)
  3 fire elementals
  5 hogs (Swamp:4)
  2 humans (D:9)
  A steam dragon (Lair:6)
  14 vampire mosquitoes
  2 hungry ghosts
  2 mottled dragons (Lair:6)
  10 insubstantial wisps
  48 nagas
  2 wargs (Orc:2)
  12 swamp worms
  10 water moccasins
  7 porcupines
  A hell hound (shapeshifter) (Elf:3)
  A water moccasin (shapeshifter) (D:14)
  5 swamp drakes
  30 orc warriors
  3 sky beasts
  An eye of draining (shapeshifter) (D:14)
  7 boggarts
  A black bear (D:6)
  17 wasps
  An eye of draining (D:14)
  4 ogres
  2 necrophages
  8 wolves
  5 phantoms (Swamp:4)
  2 swamp dragon zombies (Swamp:4)
  5 centaurs
  15 crocodiles
  3 big kobolds
  9 giant frogs
  A wyvern zombie (D:14)
  An earth elemental (Elf:3)
  2 scorpions
  11 killer bees
  12 wights
  6 electric eels
  7 crimson imps
  A quasit (D:8)
  2 giant frog zombies
  3 hounds
  3 centaur skeletons
  18 jellies
  10 orc priests
  Jessica (D:2)
  A giant frog skeleton (D:9)
  5 iguanas
  2 spectral swamp drakes (Swamp:4)
  13 orc wizards
  11 worker ants
  8 sheep (Lair:6)
  13 adders
  7 gnolls
  A swamp drake zombie (Swamp:4)
  36 river rats
  An ooze (Lair:6)
  An adder skeleton (D:5)
  2 worms
  3 dart slugs
  7 giant geckos
  67 orcs
  2 giant cockroaches
  4 hobgoblins
  5 jackals
  5 quokkas
  A ball python (Lair:2)
  7 bats
  4 giant newts
  5 goblins
  A jackal skeleton (D:5)
  15 kobolds
  3 quokka skeletons
  6 rats
  2 crawling corpses (Elf:3)
1050 creatures vanquished.

Vanquished Creatures (collateral kills)
  A deep elf demonologist (Elf:3)
  A deep elf annihilator (Elf:3)
  Harold (Lair:1)
  The ghost of Aquadorian the Severer, a novice HOFi of Beogh (D:10)
  2 death yaks (Lair:6)
  A naga sharpshooter (Snake:3)
  3 spriggans
  An orc knight (Orc:2)
  6 deep elf magi
  2 ugly things
  A salamander (Snake:3)
  A hornet (Swamp:3)
  A guardian serpent (Snake:3)
  A naga mage (Snake:3)
  2 gargoyles
  2 black mambas
  A spiny frog (Swamp:4)
  2 rime drakes (Lair:6)
  A hydra zombie (Swamp:4)
  2 trolls
  3 slime creatures
  A spectral swamp dragon (Swamp:4)
  2 blink frogs (Lair:6)
  A bog body (Swamp:2)
  5 yaks
  3 basilisks
  2 vampire mosquitoes
  4 insubstantial wisps
  2 mottled dragons
  3 swamp drakes
  4 orc warriors
  A swamp dragon zombie (Swamp:4)
  4 wasps
  An ogre (Orc:2)
  2 killer bees (D:11)
  A jelly (Lair:6)
  2 orc wizards
  2 orc priests
  A centaur skeleton (D:13)
  2 worker ants (D:10)
  An adder (D:10)
  6 river rats
  10 orcs
  A fungus (Lair:1)
  2 plants
99 creatures vanquished.

Vanquished Creatures (others)
  A deep elf elementalist (Elf:3)
  A giant gecko (D:6)
  9 fungi
  6 plants
17 creatures vanquished.

Grand Total: 1166 creatures vanquished

Notes
Turn   | Place    | Note
-------+----------+-------------------------------------------
     0 | D:1      | Leszczynek the Ogre Earth Elementalist began the quest for the Orb.
     0 | D:1      | Reached XP level 1. HP: 16/16 MP: 3/3
     0 | D:1      | help i don't remember how to play ogres anymore
    69 | D:1      | Reached skill level 1 in Fighting
   163 | D:1      | Reached skill level 1 in Maces & Flails
   229 | D:1      | Reached XP level 2. HP: 27/27 MP: 3/5
   410 | D:1      | Reached skill level 2 in Maces & Flails
   433 | D:2      | Reached skill level 2 in Fighting
   549 | D:2      | Noticed Jessica
   570 | D:2      | Killed Jessica
   570 | D:2      | Reached skill level 3 in Maces & Flails
   570 | D:2      | Reached XP level 3. HP: 28/36 MP: 0/6
   686 | D:2      | Reached XP level 4. HP: 44/44 MP: 4/7
   771 | D:2      | Learned a level 2 spell: Passwall
   849 | D:2      | Reached skill level 4 in Maces & Flails
   887 | D:2      | You fall through a shaft for 2 floors!
   888 | D:4      | great
  1162 | D:4      | Reached skill level 5 in Maces & Flails
  1162 | D:4      | Reached XP level 5. HP: 33/50 MP: 0/8
  1255 | D:5      | Entered Level 5 of the Dungeon
  1456 | D:6      | Noticed a necrophage
  1475 | D:6      | Killed a necrophage
  1475 | D:6      | Reached skill level 6 in Maces & Flails
  1475 | D:6      | Reached XP level 6. HP: 37/58 MP: 0/9
  1629 | D:6      | Reached skill level 7 in Maces & Flails
  2066 | D:6      | Reached skill level 8 in Maces & Flails
  2078 | D:6      | Noticed a slave
  2140 | D:6      | Found Sumnilomn's Antique Weapon Shoppe.
  2174 | D:6      | Noticed a black bear
  2190 | D:6      | Bought a runed dire flail for 76 gold pieces
  2200 | D:6      | Killed a black bear
  2200 | D:6      | Reached skill level 9 in Maces & Flails
  2200 | D:6      | Reached XP level 7. HP: 62/65 MP: 10/10
  2547 | D:5      | Reached skill level 10 in Maces & Flails
  2651 | D:4      | Found a staircase to the Ecumenical Temple.
  2670 | Temple   | Entered the Ecumenical Temple
  2757 | Temple   | Became a worshipper of Makhleb the Destroyer
  2988 | D:6      | Noticed Pikel
  3008 | D:6      | Killed Pikel
  3008 | D:6      | Reached skill level 4 in Fighting
  3008 | D:6      | Reached skill level 11 in Maces & Flails
  3008 | D:6      | Reached skill level 2 in Dodging
  3008 | D:6      | Reached XP level 8. HP: 77/77 MP: 11/11
  3116 | D:6      | Found a bloodstained altar of Trog.
  3167 | D:6      | Reached skill level 3 in Dodging
  3271 | D:7      | Reached * piety under Makhleb
  3319 | D:7      | Noticed Joseph
  3479 | D:8      | Found a stormy altar of Qazlal.
  3611 | D:7      | Reached skill level 5 in Fighting
  3611 | D:7      | Reached skill level 12 in Maces & Flails
  3763 | D:9      | Reached XP level 9. HP: 86/87 MP: 12/12
  3813 | D:9      | Found Rissit's Weapon Boutique.
  3815 | D:9      | Found a staircase to the Orcish Mines.
  3846 | D:9      | Reached ** piety under Makhleb
  3846 | D:9      | Reached skill level 4 in Dodging
  3956 | D:9      | Reached skill level 1 in Invocations
  4070 | D:9      | Found a shadowy altar of Dithmenos.
  4081 | D:10     | Entered Level 10 of the Dungeon
  4081 | D:10     | Noticed a gargoyle
  4139 | D:9      | Reached skill level 6 in Fighting
  4171 | D:9      | Reached skill level 2 in Invocations
  4190 | D:10     | Noticed a hill giant
  4244 | D:11     | Found Exusoiguta's Weapon Boutique.
  4244 | D:11     | Noticed a white ugly thing
  4244 | D:11     | Noticed a troll
  4269 | D:10     | Noticed Aquadorian's ghost (novice HOFi)
  4391 | D:9      | Found an iron altar of Okawaru.
  4402 | D:9      | Reached skill level 3 in Invocations
  4566 | D:8      | Reached skill level 4 in Invocations
  4573 | D:8      | Reached skill level 5 in Dodging
  4592 | D:8      | Gained mutation: You have a pair of small horns on your head. [mutagenic meat]
  4598 | D:8      | Gained mutation: You have a somewhat thin skeletal structure. (Dex +2, Stealth) [mutagenic meat]
  4601 | D:8      | Gained mutation: You tend to lose your temper in combat. [mutagenic meat]
  4604 | D:8      | Gained mutation: You occasionally shout uncontrollably at your foes. [mutagenic meat]
  4604 | D:8      | well, not much luck
  4609 | D:8      | Reached skill level 7 in Fighting
  4629 | D:8      | Found Ojyupn's Gadget Boutique.
  4748 | D:8      | Noticed Grum
  4753 | D:8      | Reached skill level 13 in Maces & Flails
  4753 | D:8      | Reached XP level 10. HP: 101/101 MP: 13/13
  4756 | D:8      | Reached skill level 5 in Invocations
  4759 | D:8      | Reached *** piety under Makhleb
  4776 | D:8      | Killed Grum
  4787 | D:8      | Found a snail-covered altar of Cheibriados.
  5096 | D:7      | Reached skill level 6 in Invocations
  5289 | Orc:1    | Entered Level 1 of the Orcish Mines
  5289 | Orc:1    | Noticed an orc knight
  5354 | D:10     | Killed a gargoyle
  5397 | D:10     | Killed Aquadorian's ghost
  5397 | D:10     | Reached skill level 8 in Fighting
  5403 | D:10     | Reached skill level 6 in Dodging
  5465 | D:10     | Reached skill level 7 in Invocations
  5622 | D:10     | Reached skill level 14 in Maces & Flails
  5644 | D:10     | Noticed a hill giant
  5683 | D:10     | Killed a hill giant
  5683 | D:10     | Reached XP level 11. HP: 110/110 MP: 16/16
  5768 | D:10     | Killed a hill giant
  5974 | D:10     | Reached skill level 8 in Invocations
  5981 | D:10     | Gained mutation: You are somewhat resistant to further mutation. [mutagenic meat]
  6022 | D:11     | Noticed a red ugly thing
  6043 | D:11     | Reached **** piety under Makhleb
  6088 | D:11     | Reached skill level 15 in Maces & Flails
  6088 | D:11     | Reached skill level 7 in Dodging
  6128 | D:11     | Found Pedghefu's Magic Scroll Emporium.
  6141 | D:11     | Killed a white ugly thing
  6147 | D:11     | Reached skill level 1 in Throwing
  6169 | D:11     | Bought a scroll of teleportation for 39 gold pieces
  6169 | D:11     | Bought 2 scrolls of identify for 52 gold pieces
  6169 | D:11     | Bought a scroll of blinking for 97 gold pieces
  6169 | D:11     | Bought a scroll of identify for 26 gold pieces
  6169 | D:11     | Bought a scroll of identify for 26 gold pieces
  6173 | D:11     | Bought a scroll of identify for 26 gold pieces
  6230 | D:11     | Noticed a cyclops
  6325 | D:11     | Killed a cyclops
  6397 | D:11     | Reached skill level 2 in Throwing
  6418 | D:11     | Identified Sif Muna's Reference Book on the Oath and Feathers
  6470 | D:11     | Killed a red ugly thing
  6511 | D:11     | Found a staircase to the Lair.
  6520 | Lair:1   | Entered Level 1 of the Lair of Beasts
  6708 | Lair:1   | Noticed Sonja
  6717 | Lair:1   | Killed Sonja
  6717 | Lair:1   | Reached skill level 9 in Fighting
  6746 | Lair:1   | Reached skill level 3 in Throwing
  6843 | D:11     | Noticed a hill giant
  6849 | D:11     | Killed a hill giant
  6849 | D:11     | Reached skill level 16 in Maces & Flails
  6986 | D:6      | Bought a crystal flail for 161 gold pieces
  6987 | D:6      | Identified the cursed +1 flail of Bankruptcy {crush, rElec} (You bought it in a shop on level 6 of the Dungeon)
  6988 | D:6      | bankruptcy indeed
  7283 | Lair:2   | Reached XP level 12. HP: 123/123 MP: 18/18
  7374 | Lair:2   | Found a labyrinth entrance.
  7383 | Lab      | Entered a labyrinth
  7882 | Lab      | Noticed a minotaur
  7887 | Lab      | Killed a minotaur
  7887 | Lab      | Reached skill level 4 in Throwing
  7896 | Lab      | Identified the Almanac of the Oath and Summoning
  7896 | Lab      | Identified the Papyrus of the Frostbite and Good Luck
  7896 | Lab      | Identified Horeum's Handbook of Noxious Moulding
  7898 | Lab      | itsfuckingnothing.jpg
  7905 | Lair:2   | Gained mutation: You are partially covered in rugged brown scales. (AC +1, +3% HP) [potion of mutation]
  7910 | Lair:2   | Learned a level 3 spell: Regeneration
  7941 | Lair:1   | Noticed Harold
  7960 | Lair:1   | Killed Harold
  8071 | Lair:2   | Found a staircase to the Swamp.
  8226 | Lair:2   | Reached skill level 10 in Fighting
  8272 | Lair:2   | Found a staircase to the Snake Pit.
  8430 | Lair:3   | Reached skill level 17 in Maces & Flails
  8433 | Lair:3   | Reached skill level 5 in Throwing
  8556 | Lair:3   | Reached ***** piety under Makhleb
  8879 | Lair:4   | Reached skill level 6 in Throwing
  8902 | Lair:4   | Reached skill level 11 in Fighting
  8937 | Lair:4   | Learned a level 1 spell: Summon Butterflies
  8943 | Lair:4   | Learned a level 5 spell: Summon Mana Viper
  8997 | Lair:4   | Reached skill level 18 in Maces & Flails
  9107 | Lair:3   | Reached XP level 13. HP: 129/140 MP: 19/19
  9211 | Lair:3   | Reached skill level 7 in Throwing
  9419 | Lair:5   | Reached skill level 8 in Throwing
  9516 | Lair:4   | Reached skill level 12 in Fighting
  9683 | Lair:5   | Reached skill level 8 in Dodging
  9717 | Lair:5   | Reached skill level 9 in Throwing
  9749 | Lair:5   | Found an ancient bone altar of Kikubaaqudgha.
  9808 | Lair:6   | Entered Level 6 of the Lair of Beasts
  9832 | Lair:6   | Reached skill level 1 in Evocations
  9885 | Lair:6   | Noticed Josephine
  9900 | Lair:6   | Killed Josephine
  9941 | Lair:6   | Reached skill level 2 in Evocations
 10195 | Lair:5   | Reached skill level 3 in Evocations
 10396 | Lair:6   | Reached ****** piety under Makhleb
 10419 | Lair:6   | Reached skill level 13 in Fighting
 10419 | Lair:6   | Reached XP level 14. HP: 107/156 MP: 20/20
 10547 | Lair:6   | Reached skill level 4 in Evocations
 10607 | Lair:6   | Found a staircase to the Slime Pits.
 10674 | Lair:6   | Reached skill level 10 in Throwing
 10677 | Lair:6   | Reached skill level 5 in Evocations
 11495 | D:12     | Reached skill level 6 in Evocations
 12230 | D:13     | Reached skill level 7 in Evocations
 12343 | D:13     | Reached skill level 14 in Fighting
 12426 | D:13     | Found an oddly glowing altar of Pakellas.
 12546 | D:14     | Learned a level 2 spell: Song of Slaying
 12596 | D:14     | Lost mutation: You are somewhat resistant to further mutation. [potion of cure mutation]
 12596 | D:14     | Lost mutation: You occasionally shout uncontrollably at your foes. [potion of cure mutation]
 12596 | D:14     | Lost mutation: You tend to lose your temper in combat. [potion of cure mutation]
 12596 | D:14     | Lost mutation: You have a pair of small horns on your head. [potion of cure mutation]
 12596 | D:14     | Lost mutation: You are partially covered in rugged brown scales. (AC +1, +3% HP) [potion of cure mutation]
 12700 | D:14     | Reached skill level 1 in Necromancy
 12721 | D:14     | Found a sacrificial altar of Ru.
 12826 | D:14     | Reached skill level 3 in Spellcasting
 12831 | D:15     | Entered Level 15 of the Dungeon
 12843 | D:15     | Reached skill level 1 in Charms
 12977 | D:15     | Reached skill level 11 in Throwing
 12986 | D:15     | Reached skill level 2 in Necromancy
 12993 | D:15     | Reached XP level 15. HP: 138/163 MP: 21/21
 12998 | D:15     | Reached skill level 2 in Charms
 13085 | D:15     | Found a shadowy altar of Dithmenos.
 13391 | D:15     | Reached skill level 3 in Charms
 13391 | D:15     | Reached skill level 3 in Necromancy
 13575 | Orc:1    | Found a roughly hewn altar of Beogh.
 13669 | Orc:2    | Entered Level 2 of the Orcish Mines
 13753 | Orc:2    | Found Byvura's Antique Weapon Shoppe.
 13877 | Orc:2    | Found a roughly hewn altar of Beogh.
 13932 | Orc:2    | Found Bovvatow's Book Emporium.
 13944 | Orc:2    | Noticed an orc warlord
 14225 | Orc:2    | Found Qofoxuyn's General Store.
 14235 | Orc:2    | Bought a scroll of blinking for 90 gold pieces
 14281 | Orc:2    | Found a staircase to the Elven Halls.
 14319 | Orc:2    | Killed an orc warlord
 14319 | Orc:2    | Reached skill level 4 in Necromancy
 14407 | Orc:2    | Found Cesmek's Antique Armour Shoppe.
 14742 | Orc:1    | Reached skill level 15 in Fighting
 14831 | Orc:2    | well this is hopeless
 14831 | Orc:2    | the only resist i have is a ring of fire
 14831 | Orc:2    | and a +0 fire dragon armor
 14831 | Orc:2    | and i have shoals, snake and elf as prospects
 14852 | Elf:1    | Entered Level 1 of the Elven Halls
 14853 | Elf:1    | there's absolutely nothing that can go wrong
 14955 | Elf:1    | Reached skill level 4 in Charms
 15102 | Elf:1    | Noticed Nikola
 15124 | Elf:1    | Killed Nikola
 15124 | Elf:1    | Reached skill level 4 in Spellcasting
 15181 | Elf:1    | ehhhh
 15181 | Elf:1    | okay, let's do
 15181 | Elf:1    | uhhh
 15181 | Elf:1    | jesus
 15181 | Elf:1    | there's nothing to do
 15634 | Elf:3    | Entered Level 3 of the Elven Halls
 15684 | Elf:2    | Reached skill level 12 in Throwing
 15695 | Elf:2    | Noticed a balrug
 15696 | Elf:2    | not this key
 15758 | Elf:1    | Reached skill level 5 in Spellcasting
 15903 | Elf:3    | Reached XP level 16. HP: 178/178 MP: 23/23
 15939 | Elf:3    | Noticed Asterion
 16099 | Elf:3    | HP: 21/267 [deep elf mage/bolt of lightning (28)]
 16144 | Elf:3    | this is hopeless
 16305 | D:9      | what then
 16305 | D:9      | snake?
 16305 | D:9      | pfft
 16305 | D:9      | without rpois or relec
 16305 | D:9      | or swamp without rpois
 16305 | D:9      | ugh
 16606 | Swamp:1  | Entered Level 1 of the Swamp
 16716 | Swamp:2  | Noticed a thorn hunter
 16779 | Swamp:3  | there it is
 17135 | Swamp:1  | Reached skill level 16 in Fighting
 17529 | Swamp:3  | Identified the +10 plate armour "Fevagob" {rF+} (You found it on level 3 of the Swamp)
 17530 | Swamp:3  | yeah
 17530 | Swamp:3  | as always
 17552 | Swamp:3  | Reached skill level 9 in Dodging
 17597 | Swamp:4  | Entered Level 4 of the Swamp
 17762 | Swamp:3  | crap
 17770 | Swamp:3  | this is not the best evocable in the world
 17789 | Swamp:3  | HP: 23/268 [large slime creature (21)]
 17932 | Swamp:4  | Noticed Kirke
 17933 | Swamp:4  | uh huh
 18065 | Swamp:3  | oooooooooops
 18065 | Swamp:3  | is this a vault
 18065 | Swamp:3  | or does this spawn here normally
 18497 | Swamp:4  | can't avoid kirke huh
 18588 | Swamp:4  | Reached skill level 1 in Armour
 18616 | Swamp:4  | ughhhh
 18670 | Swamp:4  | uh huh
 18736 | Swamp:4  | Reached skill level 10 in Dodging
 18754 | Swamp:4  | Killed Kirke
 18766 | Swamp:4  | finally rpois
 18906 | Swamp:4  | Noticed a bone dragon
 18906 | Swamp:4  | ...
 18917 | Swamp:4  | Killed a bone dragon
 18917 | Swamp:4  | Reached skill level 2 in Armour
 19032 | Swamp:4  | Got a decaying rune of Zot
 19206 | Swamp:1  | Reached skill level 3 in Armour
 19234 | Swamp:1  | Reached XP level 17. HP: 185/185 MP: 25/25
 19395 | Snake:1  | Entered Level 1 of the Snake Pit
 19396 | Snake:1  | there's nothing with cold damage here I HOPE
 19416 | Snake:1  | Found a burning altar of Makhleb.
 19840 | Snake:2  | fuck
 19850 | Snake:2  | i mean cool, bazaar
 19850 | Snake:2  | but where's my magic mapping
 19950 | Snake:2  | Reached skill level 4 in Armour
 20102 | Snake:2  | Found a flickering gateway to a bazaar.
 20124 | Bazaar   | Entered a bazaar
 20127 | Bazaar   | Found Doiq's Antique Armour Boutique.
 20133 | Bazaar   | Found Nupei's Book Boutique.
 20145 | Bazaar   | Found Kuquurgha's Antique Armour Shop.
 20156 | Bazaar   | Found Alui's Jewellery Emporium.
 20164 | Bazaar   | Bought an uncursed ring of protection from fire for 300 gold pieces
 20164 | Bazaar   | Bought an uncursed amulet of regeneration for 360 gold pieces
 20367 | Snake:3  | Reached skill level 17 in Fighting
 20672 | Snake:3  | Reached skill level 5 in Armour
 20764 | Snake:4  | Entered Level 4 of the Snake Pit
 20852 | Snake:4  | Learned a level 6 spell: Haste
 20919 | Snake:4  | Noticed Aizul
 20943 | Snake:4  | Killed Aizul
 21301 | Snake:3  | ...huh?
 21310 | Snake:3  | oh, i see
 21310 | Snake:3  | very funny
 21408 | Snake:3  | Reached skill level 19 in Maces & Flails
 21548 | Snake:3  | Reached skill level 5 in Charms
 22165 | Snake:4  | this one will take a while
 22194 | Snake:4  | Reached skill level 6 in Armour
 22194 | Snake:4  | Reached XP level 18. HP: 199/199 MP: 26/26
 22297 | Snake:4  | Reached skill level 6 in Charms
 22311 | Snake:4  | Reached skill level 18 in Fighting
 22635 | Snake:4  | Reached skill level 7 in Charms
 22960 | Snake:4  | Got a serpentine rune of Zot
 23063 | Snake:4  | Reached skill level 8 in Charms
 23452 | Lair:2   | i'm not sure if training for haste is worth it at this point
 23452 | Lair:2   | but i don't have high hopes for this game anyway
 23680 | Elf:3    | Reached skill level 6 in Spellcasting
 23857 | Elf:3    | Reached skill level 9 in Charms
 23914 | Elf:3    | Found Ezisog's Magic Scroll Shop.
 23922 | Elf:3    | Bought a scroll of identify for 32 gold pieces
 23922 | Elf:3    | Bought a scroll of teleportation for 48 gold pieces
 23922 | Elf:3    | Bought a scroll of teleportation for 48 gold pieces
 23922 | Elf:3    | Bought a scroll of fear for 56 gold pieces
 24037 | Elf:3    | Noticed a deep elf master archer
 24046 | Elf:3    | Killed a deep elf master archer
 24049 | Elf:3    | Reached skill level 7 in Spellcasting
 24310 | Elf:3    | Noticed a deep elf blademaster
 24345 | Elf:3    | Killed a deep elf blademaster
 24398 | Elf:3    | Noticed a Tzitzimitl
 24402 | Elf:3    | oh god
 24402 | Elf:3    | plz let him enter first
 24412 | Elf:3    | welp
 24497 | Elf:3    | Reached skill level 8 in Spellcasting
 24497 | Elf:3    | Reached skill level 10 in Charms
 24554 | Elf:3    | Reached XP level 19. HP: 203/208 MP: 28/31
 25660 | D:14     | Got a scorched quarterstaff {flame}
 25694 | D:14     | Reached skill level 9 in Spellcasting
 25724 | D:14     | Found a gate to the Vaults.
 25797 | Vaults:1 | Entered Level 1 of the Vaults
 25891 | Vaults:1 | Identified the +7 quarterstaff "Retreo" {flame, MR+ Str+2} (You took it off a boggart on level 14 of the Dungeon)
 25959 | Vaults:1 | Reached skill level 1 in Transmutations
 26040 | Vaults:1 | HP: 18/208 [ironbrand convoker/dire flail[a boggart] (8)]
 26046 | Vaults:1 | HP: 19/208 [deep elf knight/arrow[a boggart] (2)]
 26047 | Vaults:1 | Shot with a bolt by a yaktaur

Vault maps used:
D:1:      saegor_arrival_simple_d
D:2:      minmay_surrounded, uniq_jessica
D:4:      led_sif_book, first_bread
D:5:      lexackson_kobold_supper
D:6:      kennysheep_mini_moat, serial_shops, shop, uniq_pikel
D:7:      eino_small_chamber_without_monster, kennysheep_generic_room_5,
          uniq_joseph
D:8:      serial_shops, shop, basic_altar, hangedman_pestilent_swarm,
          grunt_qazlal_sundering, uniq_grum
D:9:      kennysheep_spiral_hall, okawaru_humans, kennysheep_mini, orc_david_3,
          minmay_stone_trees_medium
D:11:     lair_0_dummy, serial_shops, shop_scrolls, shop
D:13:     grunt_pakellas_sulfur
D:14:     david_vaults_2, small_statue_alley_a, nicolae_ru_sacrificial_ziggurat
D:15:     grunt_enter_depths_hoard, nicolae_dithmenos_through_a_glass_darkly
Temple:   hc_temple_tempest_star
Lair:1:   uniq_harold, uniq_sonja
Lair:2:   minmay_swamp_entry_eels, minmay_snake_entry_six_corridors,
          lab_entry_generic
Lair:3:   grunt_megastairs_5
Lair:4:   disabler_island, grunt_megastairs_1, serial_bayou_shore_b,
          infiniplex_staircase_pool, serial_bayou_shore_b, lemuel_fruit_fields
Lair:5:   basic_altar, st_stairs_13
Lair:6:   guppyfry_lair_end_dragon, minmay_slime_entry_jelly_boxes,
          columned_hall_lemuel, eino_small_chamber_without_monster,
          st_stairs_12, uniq_josephine
Swamp:1:  nicolae_swamp_very_dense_foliage
Swamp:2:  hangedman_swamp_ruin_hall, swamp_pool1, uniq_frances
Swamp:3:  hangedman_swamp_ruin_wall, swamp_pool3, hangedman_swamp_muck
Swamp:4:  swamp_pestilence, swamp_pool1, infiniplex_staircase_pool_2, uniq_kirke
Snake:1:  st_stairs_13, spider_trap, lemuel_oklob_altar
Snake:2:  serial_shops, bzr_entry_dummy
Snake:3:  st_stairs_12, fake_guardian_serpent_vault
Snake:4:  minmay_snake_end_coiled, uniq_aizul
Orc:1:    basic_altar, nicolae_orc_lava_room
Orc:2:    grunt_orc_gardens, grunt_orc_garden, grunt_orc_garden,
          grunt_orc_garden, grunt_orc_garden, mines2_david
Elf:1:    minmay_elf_arrival_circle, evilmike_minifort, uniq_nikola
Elf:3:    grunt_elf_hall_asides, serial_shops, shop, grunt_megastairs_2,
          uniq_asterion
Vaults:1: nicolae_vaults_little_squares_3, hangedman_vaults_stagger, v_misc_33,
          hangedman_vaults_maws, nicolae_vaults_yaktaur_gun_rack,
          nicolae_vaults_little_squares_4, grunt_vaults_funnel,
          vaults_room_octagon, hangedman_vaults_nails, ontoclasm_vaults_twist,
          nicolae_vaults_rhombus_7, nicolae_vaults_little_squares_2,
          serial_shops, shop
Lab:      labyrinth_spiral
Bazaar:   bazaar_kb_twisted_cavern

Skill      XL: |  1  2  3  4  5  6  7  8  9 10 11 12 13 14 15 16 17 18 19 |
---------------+----------------------------------------------------------+-----
Fighting       | 1 2 4 5 7 8 9 11 13 14 15 16 17 18 | 18.0
Maces & Flails | 1 3 5 6 9 11 12 13 14 16 18 19 | 19.0
Dodging        | 2 3 5 6 7 8 10 | 10.8
Invocations    | 4 7 8 |  8.2
Throwing       | 3 6 9 11 12 | 12.8
Evocations     | 3 7 |  7.3
Necromancy     | 2 4 |  4.1
Spellcasting   | 3 5 8 9 |  9.3
Charms         | 1 4 5 10 | 10.8
Armour         | 3 6 |  6.0
Transmutations | 1 |  1.2
Stealth        | |  1.5
Earth Magic    | |  2.6

Action                   |  1- 3 |  4- 6 |  7- 9 | 10-12 | 13-15 | 16-18 | 19-21 || total
-------------------------+-------+-------+-------+-------+-------+-------+-------++-------
Melee: Short sword       |     6 |       |       |       |       |       |       ||     6
       Unarmed           |     6 |       |       |       |       |       |       ||     6
       Mace              |    37 |   141 |       |       |       |       |       ||   178
       Dire flail        |       |     1 |   285 |   140 |       |       |       ||   426
       Headbutt          |       |       |     4 |    89 |   159 |       |       ||   252
       Giant club        |       |       |       |   317 |  1280 |  1411 |   187 ||  3195
 Fire: Blowgun           |       |       |       |       |     2 |     1 |       ||     3
Throw: Large rock        |       |       |     1 |     1 |    38 |    44 |     6 ||    90
       Tomahawk          |       |       |       |     1 |     1 |    78 |       ||    80
       Throwing net      |       |       |       |       |     1 |     1 |       ||     2
 Cast: Sandblast         |    26 |    59 |       |       |       |       |       ||    85
       Regeneration      |       |       |       |       |     4 |    55 |    16 ||    75
       Song of Slaying   |       |       |       |       |       |     1 |       ||     1
Invok: Lesser Servant of |       |       |       |    11 |    44 |    51 |     2 ||   108
       Minor Destruction |       |       |       |     2 |       |       |       ||     2
       Major Destruction |       |       |       |     1 |       |       |     1 ||     2
       Greater Servant o |       |       |       |       |     1 |       |       ||     1
 Abil: Evoke Berserk Rag |       |       |       |       |     2 |     1 |       ||     3
       Stop Singing      |       |       |       |       |       |     1 |       ||     1
Evoke: Wand              |       |       |       |     4 |       |    24 |     1 ||    29
       Lamp of fire      |       |       |       |       |       |     2 |       ||     2
  Use: Scroll            |       |       |     3 |    24 |    18 |    15 |     4 ||    64
       Potion            |       |       |       |     2 |     3 |    13 |       ||    18
 Stab: Sleeping          |       |       |     1 |     5 |     3 |     6 |       ||    15
       Distracted        |       |       |       |     3 |    15 |     7 |     2 ||    27
       Paralysed         |       |       |       |     2 |       |     8 |       ||    10
       Invisible         |       |       |       |       |       |    11 |       ||    11
  Eat: Chunk             |       |     3 |    13 |    17 |    29 |    26 |     3 ||    91
       Fruit             |       |     4 |       |     3 |       |       |       ||     7
       Pizza             |       |       |       |     1 |     2 |     1 |     1 ||     5
       Beef jerky        |       |       |       |     1 |       |       |       ||     1
       Royal jelly       |       |       |       |       |     1 |     5 |     5 ||    11
Armor: Robe              |    27 |    57 |    72 |     7 |       |       |       ||   163
       Troll leather arm |       |       |       |    68 |   352 |   271 |    28 ||   719
       Skin              |       |       |       |       |       |    67 |       ||    67
       Fire dragon armou |       |       |       |       |       |       |     3 ||     3
Dodge: Dodged            |    33 |    68 |   125 |   203 |   645 |   847 |    88 ||  2009
